AoeStats
← HR nomadplayer

MegaRandom

507377623Analyzed
4v4 RM · 13d ago on Sep 17, 2026· 31m 37s· 8 players
Game mode
Random Map
Map size
Large (8 player)
Population
200
Speed
Normal
Resources
Standard
Victory
Conquest
Starting age
Dark Age
Ending age
Imperial Age
RankedLock teamsTeams togetherTeam positionsShared explorationLock speedFull tech treeHidden civsTurbo modeCheats
Victory
Defeat
🇨🇱 Mongols · Chile
1803
+8
🇵🇪 Franks · Peru
1734
+11
🇨🇱 Lithuanians · Chile
1727
+11
🇨🇱 Ethiopians · Chile
1537
+19
1691
-15
🇲🇽 Britons · Mexico
1656
-14
🇦🇷 Magyars · Argentina
1601
-12
🇲🇽 Vietnamese · Mexico
1508
-8
[MGG] JP
6:27 Loom
9:12 Feudal Age
9:16 Man-at-Arms
9:55 Double-Bit Axe
15:55 Fletching
18:56 Padded Archer Armor
31:33 Castle Age
32:11 Bodkin Arrow
31:36 Crossbowman
[CL] castiii
5:32 Loom
8:13 Feudal Age
9:45 Double-Bit Axe
9:44 Horse Collar
16:29 Scale Barding Armor
21:26 Castle Age
21:28 Bloodlines
21:09 Gold Mining
22:35 Chain Barding Armor
23:11 Husbandry
31:33 Wheelbarrow
31:01 Town Watch
31:33 Forging
HR nomadplayer
5:50 Loom
8:09 Feudal Age
11:31 Fletching
16:48 Town Watch
22:26 Castle Age
20:52 Double-Bit Axe
23:05 Crossbowman
25:08 Bodkin Arrow
noru
6:38 Loom
8:55 Feudal Age
9:29 Double-Bit Axe
15:28 Forging
16:36 Scale Barding Armor
22:16 Castle Age
22:18 Light Cavalry
23:32 Chain Barding Armor
25:23 Husbandry
27:57 Town Watch
28:50 Wheelbarrow
30:04 Hand Cart
29:57 Stone Mining
32:05 Iron Casting
EXILE | Obi
5:55 Loom
9:13 Feudal Age
9:57 Double-Bit Axe
17:33 Scale Barding Armor
21:24 Wheelbarrow
24:25 Bloodlines
27:00 Castle Age
26:00 Gold Mining
28:28 Chain Barding Armor
27:32 Light Cavalry
28:13 Husbandry
HK | El Chairo
6:06 Loom
8:16 Feudal Age
12:01 Fletching
26:16 Castle Age
26:20 Crossbowman
27:01 Bodkin Arrow
27:26 Town Watch
28:58 Ballistics
28:47 Padded Archer Armor
EXILE | LauraHero
6:44 Loom
10:11 Feudal Age
17:05 Fletching
23:30 Horse Collar
25:15 Padded Archer Armor
26:55 Gold Mining
31:23 Castle Age
EXILE | Tulita de 2 cm oxidada
4:43 Loom
7:57 Feudal Age
8:39 Double-Bit Axe
18:33 Forging
18:34 Scale Barding Armor
19:10 Bloodlines
20:01 Horse Collar
27:23 Castle Age
26:01 Forging
28:30 Chain Barding Armor
28:39 Husbandry
Connection lost

Rejoining the realm…

Still unreachable

The connection could not be restored.

Session expired

The server has moved on; the page needs a fresh start.